[Event "Live Chess"]
[Site "Chess.com"]
[Date "2023.05.20"]
[Round "-"]
[White "laminaaprod"]
[Black "Duke_of_Bebington"]
[Result "1-0"]
[WhiteElo "2279"]
[BlackElo "1573"]
[TimeControl "300"]
[EndTime "14:38:56 PDT"]
[Termination "laminaaprod won by resignation"]

1. d4 d5 2. c4 c6 3. Nf3 Nf6 4. g3 dxc4 5. Bg2 e6 6. O-O Bd6 7. a4 b5 8. axb5 Bb7 9. bxc6 Bxc6 10. Nbd2 Bd5 11. Qc2 Qc8 12. e4 1-0

[Event "Live Chess"]
[Site "Chess.com"]
[Date "2023.05.20"]
[Round "-"]
[White "IgorSchukin"]
[Black "bristolunichess"]
[Result "1/2-1/2"]
[WhiteElo "1730"]
[BlackElo "1852"]
[TimeControl "300"]
[EndTime "14:38:57 PDT"]
[Termination "Game drawn - insufficient material"]

1. e4 e5 2. Nf3 Nf6 3. Nc3 d6 4. Bc4 Be7 5. h3 Nbd7 6. O-O c6 7. d4 b5 8. dxe5 dxe5 9. Bd3 O-O 10. a3 Re8 11. b4 a5 12. bxa5 Qxa5 13. Bd2 b4 14. axb4 Qxa1 15. Qxa1 Rxa1 16. Rxa1 Bxb4 17. Ra4 Bxc3 18. Bxc3 Nc5 19. Ra8 Nfxe4 20. Bxe5 Bd7 21. Rxe8+ Bxe8 22. Bc4 Kf8 23. Nd4 f6 24. Bc7 Ke7 25. f3 Bd7 26. fxe4 Nxe4 27. Bd3 Ng5 28. Nf5+ Kf7 29. Bd6 Ne6 30. Bc4 c5 31. Bxc5 Kg6 32.
Bxe6 Bxe6 33. Nd4 Bd7 34. c4 f5 35. Kf2 Kf6 36. Ke3 Ke5 37. Bf8 g6 38. c5 Kd5 39.
c6 Bxc6 40. Nxc6 Kxc6 41. Kd4 Kd7 42. Ke5 Ke8 43. Bh6 Kf7 44. h4 Ke7 45. Bg5+ Kf7 46. Kf4 Ke6 47. g4 fxg4 48. Kxg4 Kf7 49. Kf4 Kg7 50.
Ke5 h6 51. Bf6+ Kf7 52. Bd8 g5 53. hxg5 hxg5 54. Bxg5 1/2-1/2

[Event "Live Chess"]
[Site "Chess.com"]
[Date "2023.05.20"]
[Round "-"]
[White "diana21strabt"]
[Black "hturner40"]
[Result "0-1"]
[WhiteElo "1692"]
[BlackElo "1823"]
[TimeControl "300"]
[EndTime "14:39:03 PDT"]
[Termination "hturner40 won by resignation"]

1. e4 Nc6 2. d4 e5 3. Nf3 exd4 4. Bc4 Nf6 5. O-O Nxe4 6. Re1 d5 7. Bxd5 Qxd5 8. Nc3 Qd7 9. Nxe4 Be7 10. Bg5 O-O 11. Bxe7 Qxe7 12. Nxd4 Bd7 13. Nxc6 Bxc6 14. Qg4 f5 15.
Nf6+ Qxf6 16. Qc4+ Qf7 17. Qb4 Rad8 18. Re7 Qd5 19.
f3 Qd4+ 20. Qxd4 Rxd4 21. Rxc7 Re8 22. c3 Rd2 23. b4 Ree2 24. Rc8+ Kf7 25. Rc7+ Kg6 0-1

[Event "Live Chess"]
[Site "Chess.com"]
[Date "2023.05.20"]
[Round "-"]
[White "AbilifyXL"]
[Black "jennybobby44"]
[Result "1/2-1/2"]
[WhiteElo "1957"]
[BlackElo "1857"]
[TimeControl "300"]
[EndTime "14:39:08 PDT"]
[Termination "Game drawn by agreement"]

1. d4 Nf6 2. c4 e6 3. Nf3 d5 4.
cxd5 exd5 5. Nc3 c6 6. Bg5 Be7 7. e3 h6 8. Bh4 O-O 9. Qc2 Nbd7 10. Bd3 Re8 11. O-O Nf8 12. Rab1 b5 13. Rfc1 Ne6 14.
Ne5 Bb7 15. Ne2 Rc8 16. Bf5 c5 17. Bxe6 fxe6 18. Qg6 Rf8 19. Nf4 Qd6 20. Nh5 Nxh5 21.
Qxh5 Bxh4 22. Qxh4 c4 23. h3 Rf6 24. Rf1 Rcf8 25.
f4 Bc6 26. Rf3 Be8 27. Rg3 Kh7 28. Qg4 Rg8 29. Rf1 b4 30. f5 exf5 31. Rxf5 Rxf5 32.
Qxf5+ g6 33. Qf4 Qf8 34. Qh4 Rg7 35. Rf3 Qe7 36. Qf4 a5 37. h4 h5 38. Rg3 a4 39.
Nf3 Kg8 40. Ng5 Bd7 41. Rf3 Bf5 42. Qb8+ Qf8 43. Qe5 a3 44. Qxd5+ Kh8 45. Qxc4 axb2 1/2-1/2

[Event "Live Chess"]
[Site "Chess.com"]
[Date "2023.05.20"]
[Round "-"]
[White "stevochess11"]
[Black "KeithArkell"]
[Result "0-1"]
[WhiteElo "1770"]
[BlackElo "2619"]
[TimeControl "300"]
[EndTime "14:39:11 PDT"]
[Termination "KeithArkell won by resignation"]

1. d4 e6 2. Nf3 Nf6 3. e3 c5 4.
Bd3 cxd4 5. exd4 b6 6. O-O Be7 7. c4 O-O 8. Nc3 d5 9. cxd5 Nxd5 10. Nxd5 Qxd5 11. Bf4 Bb7 12. Be2 Nc6 13. a3 Bf6 14. Be3 Rfd8 15. Rc1 Nxd4 16. Bxd4 Bxd4 17. Bc4 Qd6 18.
b4 Bf6 19. Qb3 Rac8 20. Rfd1 Qe7 21. Re1 g6 22. Rxe6 fxe6 23. Bxe6+ Kg7 24. Bxc8 Rxc8 25. Rxc8 Bxc8 26. h3 Bb7 27. Qd3 Bc6 28. Nd4 Qd7 0-1

[Event "Live Chess"]
[Site "Chess.com"]
[Date "2023.05.20"]
[Round "-"]
[White "grillage"]
[Black "gmnorfolk"]
[Result "0-1"]
[WhiteElo "1843"]
[BlackElo "2120"]
[TimeControl "300"]
[EndTime "14:39:18 PDT"]
[Termination "gmnorfolk won by checkmate"]

1. d4 Nf6 2. Nc3 d5 3. Bf4 e6 4. Nb5 Bb4+ 5. c3 Ba5 6. Qa4 Bb4 7. Qxb4 Na6 8. Qa3 Nh5 9. Bg3 Bd7 10. c4 dxc4 11.
Nc3 Qc8 12. Nf3 b5 13. Ne4 f5 14. Nc5 Nxc5 15. Qxc5 Nxg3 16. hxg3 h6 17. Ne5 c6 18. e3 Qc7 19. Ng6 O-O-O 20. Nxh8 Rxh8 21. a4 Qa5+ 22. Kd1 e5 23. Qxe5 f4 24. gxf4 c3 25. Qxg7 cxb2 26.
Qxh8+ Kb7 27. Rb1 Qxa4+ 28. Kd2 Qb4+ 29. Kc2 Bf5+ 30. Bd3 Qc4+ 31. Kxb2 Qb4+ 32. Kc2 Qc4+ 33.
Kb2 Qb4+ 34. Kc1 Qc3+ 35. Kd1 Qxd3+ 36. Ke1 Qxb1+ 37. Ke2 Qxh1 38. Qg7+ Kb6 39. Qe5 Bg4+ 40. f3 Qxg2+ 41. Kd3 Qf1+ 42. Kd2 Qf2+ 43. Kd3 Qxf3 44. Qc5+ Kb7 45. Qe7+ Kc8 46. Qf8+ Kc7 47. Qe7+ Bd7 48.
Qe5+ Kb7 49. Qe7 Qd1+ 50. Ke4 Qb1+ 51. Ke5 Qf5+ 52. Kd6 Qd5# 0-1

[Event "Live Chess"]
[Site "Chess.com"]
[Date "2023.05.20"]
[Round "-"]
[White "CheckThis4"]
[Black "Daniel_Gliddon_FA"]
[Result "1-0"]
[WhiteElo "2548"]
[BlackElo "1217"]
[TimeControl "300"]
[EndTime "14:39:28 PDT"]
[Termination "CheckThis4 won by resignation"]

1. Nf3 Nc6 2. b4 e5 3. b5 e4 4. bxc6 exf3 5. cxb7 Bxb7 6. exf3 Qe7+ 7. Be2 Nf6 8. Nc3 Qc5 9. Rb1 Qc6 10. O-O Bc5 11.
d4 Bb6 12. Ne4 Nd5 13. c4 Ne7 14. d5 Qg6 15. c5 Ba5 16. Rxb7 Nf5 17. Bf4 Nh4 18.
Bg3 Nf5 19. Qa4 1-0

[Event "Live Chess"]
[Site "Chess.com"]
[Date "2023.05.20"]
[Round "-"]
[White "toog"]
[Black "Stanbad1"]
[Result "1-0"]
[WhiteElo "2619"]
[BlackElo "2389"]
[TimeControl "300"]
[EndTime "14:39:45 PDT"]
[Termination "toog won by resignation"]

1. Nf3 Nf6 2. c4 g6 3. d4 Bg7 4. g3 d6 5. Bg2 O-O 6. O-O c5 7.
Nc3 Nc6 8. dxc5 dxc5 9. Be3 Nd7 10. Qd2 b6 11. Bh6 Bb7 12. Bxg7 Kxg7 13. Rfd1 Nf6 14. Qf4 Qb8 15. Qh4 Rd8 16. Nd5 Nxd5 17. cxd5 Nb4 18. e4 Qc7 19. a3 Na6 20. Rac1 Qd7 21.
e5 Nc7 22. d6 Ne6 23. dxe7 Qxd1+ 24. Rxd1 Rxd1+ 25. Bf1 Bxf3 26. Qf6+ Kg8 27. Qxf3 Rxf1+ 28. Kxf1 Re8 29. Qb7 a6 30. Qd7 Ng7 31. f4 h6 32.
g4 Ra8 33. f5 Ne8 34. e6 gxf5 35. gxf5 Kg7 36. exf7 Kxf7 37. Qe6+ Kg7 38. Qg6+ Kh8 39. f6 1-0

[Event "Live Chess"]
[Site "Chess.com"]
[Date "2023.05.20"]
[Round "-"]
[White "Jo1ts"]
[Black "EdenHazard8"]
[Result "0-1"]
[WhiteElo "736"]
[BlackElo "2056"]
[TimeControl "300"]
[EndTime "14:39:50 PDT"]
[Termination "EdenHazard8 won by checkmate"]

1. d4 e6 2. Bf4 f5 3. Nf3 Nf6 4. e3 Be7 5. Nbd2 Bf8 6. Bd3 Be7 7. Ne5 O-O 8. h3 b6 9. g4 Bb7 10. g5 Bxh1 11. g6 d6 12. gxh7+ Kxh7 13. Nef3 Qe8 14. Qe2 Bxf3 15. Qxf3 Nd5 16. Bc4 c6 17. O-O-O Nd7 18.
Rh1 N7f6 19. h4 Qh5 20. Qg3 Rad8 21. Rg1 Rf7 22. Nf3 Nxf4 23. Ng5+ Kg8 24. Nxf7 Qxf7 25.
Qxf4 Ne4 26. Bd3 Nf6 27. f3 Nd5 28. Qh2 Nxe3 29. h5 Kh7 30. Rh1 Bg5 31. Qg3 Bh6 32. Rg1 Nf1+ 33. Qg5 Bxg5+ 34. Rxg5 Ne3 35. Rg1 Qf6 36. c3 Qh4 37. Rd1 Nxd1 38. Kxd1 Qh1+ 39. Kc2 e5 40. dxe5 dxe5 41. Bc4 Qd1# 0-1

[Event "Live Chess"]
[Site "Chess.com"]
[Date "2023.05.20"]
[Round "-"]
[White "MarkLim1"]
[Black "YF22Raptor"]
[Result "1-0"]
[WhiteElo "1670"]
[BlackElo "1015"]
[TimeControl "300"]
[EndTime "14:40:06 PDT"]
[Termination "MarkLim1 won by checkmate"]

1. d4 c6 2. Nf3 d5 3. Bf4 Bg4 4. e3 Bxf3 5. Qxf3 e6 6. c4 c5 7. cxd5 exd5 8. Bb5+ Nc6 9. dxc5 Bxc5 10. O-O a6 11.
Ba4 Ne7 12. Rd1 O-O 13. Nc3 b5 14. Bc2 Nb4 15. Bb1 Nbc6 16. Nxd5 Qd7 17. Nf6+ gxf6 18. Rxd7 Rfd8 19. Rxd8+ Rxd8 20. Be4 Ne5 21. Bxe5 fxe5 22.
h4 f6 23. Rd1 Rf8 24. Qh5 Rf7 25. Rd8+ Kg7 26. Qg4+ Ng6 27. h5 Bb6 28. hxg6 hxg6 29. Qxg6# 1-0

[Event "Live Chess"]
[Site "Chess.com"]
[Date "2023.05.20"]
[Round "-"]
[White "luckywookie"]
[Black "weibs440"]
[Result "1-0"]
[WhiteElo "755"]
[BlackElo "931"]
[TimeControl "300"]
[EndTime "14:40:12 PDT"]
[Termination "luckywookie won by checkmate"]

1. e4 d6 2. d4 Nf6 3. Nc3 Nbd7 4. Nf3 e5 5. d5 Be7 6. Bb5 a6 7.
Bxd7+ Bxd7 8. O-O c6 9. h3 Qc7 10. Be3 cxd5 11. Nxd5 Nxd5 12. Qxd5 Be6 13. Qd2 O-O 14. h4 Rac8 15. Rac1 Bg4 16. Ng5 h6 17. Nh3 Bxh3 18. gxh3 Kh7 19. Kh2 Bxh4 20. Rg1 Rg8 21. Rg4 Qe7 22. Rcg1 Rcd8 23. f3 Rd7 24. Bf2 Bxf2 25. Qxf2 f6 26. Rg6 Qf7 27. Qg3 b5 28.
b3 a5 29. h4 b4 30. h5 Qe7 31. Rxh6+ Kxh6 32. Qg6# 1-0

[Event "Live Chess"]
[Site "Chess.com"]
[Date "2023.05.20"]
[Round "-"]
[White "JanMur7"]
[Black "Greenbecker"]
[Result "1-0"]
[WhiteElo "1990"]
[BlackElo "1634"]
[TimeControl "300"]
[EndTime "14:40:18 PDT"]
[Termination "JanMur7 won by resignation"]

1. e4 e6 2. d4 d5 3. exd5 exd5 4. Bd3 Nf6 5. Ne2 Bd6 6. O-O O-O 7. Bf4 Re8 8. c3 c6 9. Bxd6 Qxd6 10. Ng3 Bg4 11. Qc2 h6 12. h3 Be6 13. Nd2 Nbd7 14. Nf3 Re7 15. Rfe1 Rae8 16. Ne5 Qc7 17. Nxd7 Qxd7 18. Re2 Qd6 19. Rae1 Bd7 20. Rxe7 Rxe7 21. Rxe7 Qxe7 22. Qe2 Qxe2 23. Bxe2 Kf8 24. Bd3 Ke7 25. Nf5+ Bxf5 26. Bxf5 Kd6 27. f3 b6 28. Kf2 g6 29. Bd3 Nd7 30. g3 g5 31. f4 f6 32.
Bf5 c5 33. Kf3 h5 34. h4 g4+ 35. Ke3 Nf8 36. Kd3 c4+ 37. Kc2 b5 38. a4 Kc6 39.
axb5+ Kxb5 40. Kb1 a5 41. Ka2 Ka4 42. Bc8 Kb5 43. Bb7 Nd7 44. Bxd5 Nb6 45. Bf7 Kc6 46.
Bxh5 Nd5 47. Bxg4 Ne3 48. Bf3+ Kd6 49. h5 Nf5 50. g4 1-0

[Event "Live Chess"]
[Site "Chess.com"]
[Date "2023.05.20"]
[Round "-"]
[White "Long1968"]
[Black "Pablo_dmp"]
[Result "0-1"]
[WhiteElo "1172"]
[BlackElo "1877"]
[TimeControl "300"]
[EndTime "14:40:22 PDT"]
[Termination "Pablo_dmp won on time"]

1. e4 c6 2. d4 d5 3. exd5 cxd5 4.
Nf3 Nf6 5. Bg5 Ne4 6. h4 Nc6 7. Nbd2 h6 8. Be3 Nf6 9. g3 Bg4 10. Bh3 Qd7 11. Bxg4 Nxg4 12. O-O Nxe3 13. fxe3 Qc7 14.
Kg2 e6 15. c3 Bd6 16. Qe1 Ne7 17. g4 Ng6 18. Qe2 Bg3 19. h5 Nh4+ 20. Nxh4 Bxh4 21. Qf3 O-O 22. e4 Rad8 23. e5 Bg5 24. Nb3 a5 25. Rad1 a4 26. Nd2 b5 27. Rf2 Rb8 28.
b3 Qe7 29. b4 Rbc8 30. Nf1 Qc7 31. Rd3 Qc4 32. Rc2 Rc7 0-1

[Event "Live Chess"]
[Site "Chess.com"]
[Date "2023.05.20"]
[Round "-"]
[White "Doge_Dandolo"]
[Black "VicLemon"]
[Result "1-0"]
[WhiteElo "2040"]
[BlackElo "1346"]
[TimeControl "300"]
[EndTime "14:40:30 PDT"]
[Termination "Doge_Dandolo won by resignation"]

1. Nf3 d5 2. c4 Nf6 3. cxd5 Nxd5 4. e4 Nf4 5. d4 e5 6. Nxe5 Bb4+ 7. Nc3 Ne6 8. d5 Ng5 9. Qa4+ Nc6 10. dxc6 O-O 11.
Qxb4 1-0

[Event "Live Chess"]
[Site "Chess.com"]
[Date "2023.05.20"]
[Round "-"]
[White "omisoc"]
[Black "Inglaterra"]
[Result "0-1"]
[WhiteElo "2125"]
[BlackElo "2043"]
[TimeControl "300"]
[EndTime "14:40:35 PDT"]
[Termination "Inglaterra won by resignation"]

1. Nf3 Nf6 2. b3 d5 3. e3 e6 4. c4 Be7 5. Bb2 O-O 6. Be2 c5 7. O-O Nc6 8. cxd5 Nxd5 9. Nc3 Bf6 10. Qc1 b6 11. Rd1 Bb7 12. Nxd5 Bxb2 13. Qxb2 Qxd5 14. Bf1 Rad8 15. d4 cxd4 16. Nxd4 Ne5 17. f3 Ng6 18. Rac1 e5 19. e4 Qd7 0-1

[Event "Live Chess"]
[Site "Chess.com"]
[Date "2023.05.20"]
[Round "-"]
[White "Conradical12"]
[Black "xx_blindpuffin_xx"]
[Result "0-1"]
[WhiteElo "1587"]
[BlackElo "2194"]
[TimeControl "300"]
[EndTime "14:40:43 PDT"]
[Termination "xx_blindpuffin_xx won by resignation"]

1. e4 b6 2. Nc3 Bb7 3. d4 e6 4. Be3 Bb4 5. Ne2 Nf6 6. f3 d5 7.
Qd2 dxe4 8. f4 Nbd7 9. O-O-O O-O 10. h3 Qe7 11. g4 Rfd8 12. Ng3 Nd5 13. Ngxe4 Nxc3 14. bxc3 Ba3+ 15. Kb1 Bxe4 16. Rg1 Qd6 17. Bc4 a5 18. f5 a4 19. Bd3 Qd5 20. c4 Qb7 21. d5 Bxd3 22. Qxd3 exd5 23. cxd5 Bc5 24. Ka1 Bxe3 25.
Qxe3 Nc5 26. c4 Re8 27. Qd4 Qa6 28. Rc1 Nb3+ 29. axb3 axb3+ 30. Kb2 Qa2+ 31. Kc3 b2 32. Rb1 Ra3+ 33. Kd2 Rxh3 34. Rxb2 Rh2+ 35. Kc1 Qa1+ 36. Rb1 Qxd4 0-1

[Event "Live Chess"]
[Site "Chess.com"]
[Date "2023.05.20"]
[Round "-"]
[White "wot-not"]
[Black "rideuv21"]
[Result "1-0"]
[WhiteElo "1524"]
[BlackElo "1790"]
[TimeControl "300"]
[EndTime "14:40:52 PDT"]
[Termination "wot-not won by resignation"]

1. e4 c5 2. f4 d5 3. e5 Nc6 4. Nf3 Bg4 5. Be2 g6 6. O-O Bg7 7. h3 Bxf3 8. Bxf3 e6 9. c4 Nge7 10. Nc3 O-O 11. cxd5 exd5 12. Ne2 Nf5 13. d3 Nfd4 14. Be3 Nxf3+ 15. Rxf3 f6 16. Bxc5 Re8 17. d4 b6 18. Bd6 fxe5 19. fxe5 Qg5 20. Qb3 Ne7 21.
Bxe7 Qxe7 22. Qxd5+ Kh8 23. Raf1 Rad8 24. Qb3 Qh4 25.
Qa3 Rxd4 26. Rf8+ Bxf8 27. Rxf8+ Kg7 28. Rxe8 Qe1+ 29. Kh2 Qxe2 30. Qe7+ Kh6 31. Rh8 1-0

[Event "Live Chess"]
[Site "Chess.com"]
[Date "2023.05.20"]
[Round "-"]
[White "grillage"]
[Black "KeithArkell"]
[Result "0-1"]
[WhiteElo "1843"]
[BlackElo "2619"]
[TimeControl "300"]
[EndTime "14:40:53 PDT"]
[Termination "KeithArkell won by resignation"]

1. d4 e6 2. Nf3 Nf6 3. c4 Bb4+ 4. Nc3 c5 5. Qb3 Nc6 6. e3 Ne4 7. Bd2 Nxd2 8. Nxd2 cxd4 9. exd4 Nxd4 10. Bd3 Nxb3 11. axb3 Bxc3 0-1

[Event "Live Chess"]
[Site "Chess.com"]
[Date "2023.05.20"]
[Round "-"]
[White "Nazar_777"]
[Black "chessfiction"]
[Result "0-1"]
[WhiteElo "1606"]
[BlackElo "2340"]
[TimeControl "300"]
[EndTime "14:40:55 PDT"]
[Termination "chessfiction won by checkmate"]

1. e3 c5 2. h4 Nc6 3. a3 d5 4. c4 d4 5. Nf3 e5 6. Qc2 f5 7. b3 e4 8. Ng1 d3 9. Qd1 Qf6 10. Nc3 Bd6 11. Bb2 Be5 12. Rb1 Nge7 13. Qc1 O-O 14.
Nh3 f4 15. Nd5 Nxd5 16. cxd5 fxe3 17. dxe3 Bxb2 18. Qxb2 Ne5 19. Nf4 Bg4 20. g3 Nf3+ 21.
Kd1 Nd4+ 22. Kd2 Nf3+ 23. Kc1 d2+ 24. Kc2 Qxb2+ 25. Kxb2 Ne1 26. Bc4 a6 27. d6+ Kh8 28. Rbxe1 dxe1=Q 29. Rxe1 b5 30. Bd5 Rad8 31. Bxe4 Rxd6 32.
Bc2 Rd2 33. Rc1 Rxf2 34. Nd5 Rd8 35. e4 Be6 36. Ne3 Re2 37. Nf5 Rdd2 38. g4 Rxe4 39. Kb1 Ree2 40. h5 Bxf5 41. gxf5 Kg8 42. Kb2 Rxc2+ 43.
Rxc2 Rxc2+ 44. Kxc2 Kf7 45. Kd3 Kf6 46. Ke4 c4 47. bxc4 bxc4 48. a4 c3 49. Kd3 Kxf5 50. Kxc3 g5 51. Kb4 g4 52. Ka5 g3 53. Kxa6 g2 54.
a5 g1=Q 55. Kb7 Qh1+ 56. Kb8 Qxh5 57. a6 Qe8+ 58. Kb7 h5 59. a7 h4 60. a8=Q Qxa8+ 61. Kxa8 h3 62. Kb8 h2 63. Kc7 h1=Q 64. Kd8 Qd1+ 65.
Ke7 Qd5 66. Kf8 Qb7 67. Kg8 Kg6 68. Kf8 Qf7# 0-1

[Event "Live Chess"]
[Site "Chess.com"]
[Date "2023.05.20"]
[Round "-"]
[White "mikkyb4"]
[Black "JoshMcK"]
[Result "0-1"]
[WhiteElo "1009"]
[BlackElo "1552"]
[TimeControl "300"]
[EndTime "14:41:15 PDT"]
[Termination "JoshMcK won on time"]

1. e4 c6 2. d4 d5 3. e5 c5 4. dxc5 e6 5. b4 b6 6. Be3 bxc5 7. bxc5 Bb7 8. Nf3 Qa5+ 9. c3 Bxc5 10. Nd4 Bxd4 11. Bxd4 Nc6 12. Be3 Nxe5 13. Be2 Nf6 14. Qb3 Ba6 15. Bxa6 Qxa6 16. Na3 O-O 17. Qb5 Nd3+ 18.
Kd2 Qxb5 19. Nxb5 Nb2 20. Rab1 Nc4+ 21. Ke2 Nxe3 22. Kxe3 Ne4 23. f3 Nc5 24. Rhc1 a6 25.
Nd4 Rfc8 26. Nb3 Na4 27. Kd2 Rc7 28. Nd4 Rac8 29. Rb4 Rxc3 30. Rxc3 Nxc3 31. Rb7 Nxa2 32. Ra7 Nb4 33. h4 g6 34. g4 e5 35. Nb3 Rc2+ 36.
Kd1 Rf2 37. Ra8+ Kg7 38. Nc5 Rxf3 39. Nd7 Rf1+ 40. Ke2 Rh1 41. Nxe5 Rh2+ 0-1

[Event "Live Chess"]
[Site "Chess.com"]
[Date "2023.05.20"]
[Round "-"]
[White "Singapourfeuj"]
[Black "JoeyCage"]
[Result "1-0"]
[WhiteElo "2250"]
[BlackElo "2296"]
[TimeControl "300"]
[EndTime "14:41:21 PDT"]
[Termination "Singapourfeuj won by checkmate"]

1. d4 g6 2. Nf3 Bg7 3. h4 h5 4.
Bg5 c5 5. e3 Qb6 6. Nbd2 Qxb2 7. Rb1 Qc3 8. Rb3 Qa5 9. Bc4 cxd4 10. exd4 Nc6 11. O-O Nf6 12. d5 Nb4 13. d6 e6 14.
Bxf6 Bxf6 15. Ne4 Bg7 16. Qd2 Nc6 17. Qf4 Qf5 18. Qe3 Ne5 19. Ng3 Nxc4 20. Nxf5 Nxe3 21. Nxg7+ Kf8 22. Nxe6+ fxe6 23. fxe3 Kg7 24. Ne5 Rf8 25. Rxf8 Kxf8 26. e4 b6 27. Rf3+ Kg8 28. Nxg6 Bb7 29. Ne7+ Kg7 30. Rg3+ Kf6 31. Ng8+ Ke5 32. Rg5+ Kxe4 33.
Nf6+ Ke3 34. Nxd7 Rd8 35. Re5+ Kd2 36. Nf6 Rxd6 37. Rxh5 Kxc2 38. Re5 Rd2 39. Rg5 Rd4 40.
h5 Rf4 41. Ng4 Be4 42. h6 Rf7 43. Nf2 Bf5 44. g4 Bh7 45. Rg7 Rxg7 46. hxg7 Kb2 47. g5 Kxa2 48. Ng4 e5 49. Nf6 b5 50. Nxh7 b4 51. g8=Q+ Ka3 52. Qa8 b3 53. Qxa7+ Kb4 54. Qb6+ Kc3 55. g6 b2 56. g7 Kc2 57. Qxb2+ Kxb2 58. g8=Q Kc3 59. Qd5 e4 60. Qxe4 Kd2 61. Qf3 Kc2 62. Qd5 Kc3 63. Kf2 Kb4 64. Qc6 Kb3 65.
Ke2 Kb4 66. Kd3 Ka5 67. Qb7 Ka4 68. Kc4 Ka3 69. Qb3# 1-0

[Event "Live Chess"]
[Site "Chess.com"]
[Date "2023.05.20"]
[Round "-"]
[White "VovaOvchar1990"]
[Black "raminguy"]
[Result "0-1"]
[WhiteElo "1231"]
[BlackElo "1962"]
[TimeControl "300"]
[EndTime "14:41:21 PDT"]
[Termination "raminguy won by checkmate"]

1. e4 e5 2. Bc4 Nc6 3. Nf3 Bc5 4.
Nc3 Nf6 5. O-O h6 6. h3 a5 7. a3 O-O 8. d3 d6 9. Be3 Bxe3 10. fxe3 Be6 11. Ba2 Bxa2 12. Nxa2 d5 13. exd5 Nxd5 14. e4 Ne3 15. Qe2 Nxf1 16. Rxf1 Nd4 17. Nxd4 Qxd4+ 18. Kh1 Qxb2 19. Nc1 Qxa3 20. Nb3 a4 21. Ra1 Qb2 22.
Rxa4 Rxa4 23. Nc5 Ra2 24. Nd7 Qxc2 25. Qg4 Qxg2+ 26. Qxg2 Rxg2 27. Kxg2 f6 28. Nxf8 Kxf8 29. Kf3 Ke7 30. Kg4 g6 31. h4 h5+ 32. Kg3 Kd6 33. Kf3 Kc5 34. Ke3 b5 35. Kd2 Kd4 36. Ke2 c5 37. Kd2 b4 38. Kc2 b3+ 39. Kd2 f5 40. exf5 gxf5 41. Kc1 Kxd3 42. Kb2 c4 43. Kc1 f4 44. Kd1 f3 45. Ke1 b2 46. Kf1 b1=Q+ 47. Kf2 e4 48. Kg3 c3 49. Kf2 c2 50. Kg3 c1=Q 51. Kf2 Qg1# 0-1

[Event "Live Chess"]
[Site "Chess.com"]
[Date "2023.05.20"]
[Round "-"]
[White "WelshTiger"]
[Black "GMHarry-youtube"]
[Result "1-0"]
[WhiteElo "2399"]
[BlackElo "2037"]
[TimeControl "300"]
[EndTime "14:41:28 PDT"]
[Termination "WelshTiger won on time"]

1. e4 c5 2. Nf3 d6 3. c3 Nf6 4. h3 Nc6 5. Bd3 g6 6. Bc2 e5 7. d4 Bg7 8. O-O O-O 9. Bg5 h6 10. Bxf6 Bxf6 11. dxc5 dxc5 12. Qe2 Bg7 13. a4 Kh7 14. Na3 Be6 15. Nc4 Bxc4 16. Qxc4 b6 17. Rfd1 Qc7 18. Rd2 Rad8 19. Rad1 Rxd2 20. Rxd2 Rd8 21.
Rd5 Rxd5 22. exd5 Ne7 23. d6 Qxd6 24. Qxf7 Qf6 25. Qe8 Nf5 26. Bb3 h5 27. Bd5 Nh4 28. Qg8+ Kh6 29. Be4 Nxf3+ 30. Bxf3 Qf8 31. Qe6 Qf6 32. Qd7 a5 33. Be4 Qf4 34. Qd3 Qc1+ 35. Kh2 Qf4+ 36. Kg1 Qc1+ 37. Qf1 Qxb2 38. Qe1 Bf6 39. Bd3 Qb3 40. Qe4 Qf7 41. g3 Bg7 42. h4 Qf6 43. Kg2 Qf7 44. Qc6 Qf6 45. Qe4 Qf7 46.
Bc4 Qf5 47. Qd5 e4 48. Qxf5 gxf5 49. Be6 Kg6 50. c4 Bd4 51. Kf1 Kf6 52. Bd7 Be5 53. Ke2 f4 54. gxf4 Bxf4 55. Bc6 Kf5 56. Bd5 Be5 57.
f3 exf3+ 58. Kxf3 Bd4 59. Be4+ Kf6 60. Bc6 Be5 61. Ke4 Bg3 62. Bd7 Bxh4 63. Bh3 Bg3 64. Bg2 Kg5 65. Bh3 Kh4 66. Bg2 Kg4 67. Bf3+ Kg5 68. Bg2 h4 69. Bh3 Kh5 70. Kf5 Bc7 71.
Bg4+ Kh6 72. Bh3 Kh5 73. Kf6 b5 74. cxb5 c4 75. Ke7 c3 76. Bf5 h3 77. Kd7 h2 78.
Be4 h1=Q 79. Bxh1 c2 80. Kxc7 c1=Q+ 81. Bc6 Qc2 82. b6 Qc5 83. b7 Qa7 84. Kc8 Qa6 85. Kd7 Qa7 86. Kc7 Kh6 87. Bb5 Kg6 88. Kc8 Kf6 89. b8=Q Qxb8+ 90. Kxb8 Ke6 91. Kb7 Kd6 92. Kb6 1-0

[Event "Live Chess"]
[Site "Chess.com"]
[Date "2023.05.20"]
[Round "-"]
[White "diana21strabt"]
[Black "AbilifyXL"]
[Result "0-1"]
[WhiteElo "1689"]
[BlackElo "1960"]
[TimeControl "300"]
[EndTime "14:41:38 PDT"]
[Termination "AbilifyXL won by checkmate"]

1. e4 d5 2. exd5 Qxd5 3. Nc3 Qa5 4. d4 c6 5. Bc4 Nf6 6. Qe2 Bf5 7. Bd2 Nbd7 8. Nb5 Qb6 9. Nd6+ Kd8 10. Nxf7+ Kc8 11.
Nxh8 Qxb2 12. Rd1 Bxc2 13. Rc1 e6 14. Bxe6 Bb4 15. Bxd7+ Kxd7 16. Nf3 Qxc1+ 17. Qd1 Qxd1# 0-1

[Event "Live Chess"]
[Site "Chess.com"]
[Date "2023.05.20"]
[Round "-"]
[White "elvenstar"]
[Black "OSmith06"]
[Result "1-0"]
[WhiteElo "1579"]
[BlackElo "1664"]
[TimeControl "300"]
[EndTime "14:41:42 PDT"]
[Termination "elvenstar won by checkmate"]

1. e4 c6 2. f4 d5 3. exd5 cxd5 4.
d4 Nc6 5. Nf3 Bg4 6. Be2 Nf6 7.
c3 e6 8. O-O Bd6 9. Be3 Qc7 10.
Ne5 Bxe2 11. Qxe2 Ne4 12. Nd2 Nxd2 13. Bxd2 O-O 14. Rf3 Qb6 15. b3 Rac8 16. Nd7 Qc7 17.
Nxf8 Rxf8 18. Raf1 Qa5 19. Bc1 Rc8 20. f5 exf5 21.
Rxf5 Ne7 22. Rxf7 Ng6 23. Qe6 Qd8 24. Rf8# 1-0

[Event "Live Chess"]
[Site "Chess.com"]
[Date "2023.05.20"]
[Round "-"]
[White "Wild_Tiger"]
[Black "RamsayFlayer"]
[Result "1/2-1/2"]
[WhiteElo "1080"]
[BlackElo "1979"]
[TimeControl "300"]
[EndTime "14:41:45 PDT"]
[Termination "Game drawn - timeout vs insufficient material"]

1. d4 d5 2. Nf3 c5 3. e3 cxd4 4. exd4 Nc6 5. Bd3 Bg4 6. Bg5 Nxd4 7. Nbd2 Nxf3+ 8. Nxf3 Nf6 9. Bxf6 exf6 10. Be2 Bb4+ 11. c3 Bc5 12. O-O O-O 13. Qc2 Bh5 14. b4 Bg6 15. Bd3 Bxd3 16. Qxd3 Bb6 17. a4 Bc7 18.
Rfe1 Qd6 19. a5 Rfe8 20. h3 Re6 21. Rxe6 fxe6 22. g3 e5 23. Kg2 e4 24. Qe3 exf3+ 25. Qxf3 Re8 26. Rd1 Qe5 27. Rxd5 Qe4 28. Rd7 Qxf3+ 29.
Kxf3 Be5 30. Rxb7 Bxc3 31. Rxa7 Bxb4 32. a6 Re5 33. Rc7 Ra5 34. a7 h6 35. Rb7 Bd6 36.
Rb8+ Kh7 37. a8=Q Rxa8 38. Rxa8 Kg6 39. Ra5 Be5 40. Rd5 Bc3 41. Kg4 Be5 42. f4 Bc3 43. h4 Bb4 44. h5+ Kh7 45. Kf5 Be1 46. g4 Bh4 47. Rd7 Bg3 48. Rf7 Bh4 49. Rf8 Bg3 50. g5 hxg5 51. fxg5 fxg5 52. Kxg5 Be5 53. Rf7 Bd4 54. h6 Bf6+ 55. Kh5 Kg8 56. Ra7 gxh6 57.
Kxh6 Kf8 58. Kg6 Bd4 59. Rd7 Bb6 60. Kf6 Ke8 61. Ke6 Kf8 62. Kf6 Kg8 1/2-1/2

[Event "Live Chess"]
[Site "Chess.com"]
[Date "2023.05.20"]
[Round "-"]
[White "Stanbad1"]
[Black "CheckThis4"]
[Result "1/2-1/2"]
[WhiteElo "2392"]
[BlackElo "2542"]
[TimeControl "300"]
[EndTime "14:41:46 PDT"]
[Termination "Game drawn by repetition"]

1. d4 Nf6 2. Bg5 d5 3. Nd2 c5 4.
c3 Nc6 5. e3 Qb6 6. Qb3 c4 7. Qc2 g6 8. Bxf6 exf6 9. e4 Na5 10.
exd5 Bf5 11. Qa4+ Bd7 12. Qc2 Bf5 13. Qa4+ Bd7 14. Qc2 Bf5 1/2-1/2

[Event "Live Chess"]
[Site "Chess.com"]
[Date "2023.05.20"]
[Round "-"]
[White "stevochess11"]
[Black "TheSmoulderingMaster"]
[Result "0-1"]
[WhiteElo "1760"]
[BlackElo "1705"]
[TimeControl "300"]
[EndTime "14:42:00 PDT"]
[Termination "TheSmoulderingMaster won by resignation"]

1. d4 Nf6 2. Nf3 d6 3. Nc3 g6 4. e4 Bg7 5. Be3 O-O 6. Qd2 Ng4 7. Bg5 c6 8. h3 Nf6 9. Bd3 b6 10. Bh6 b5 11. Ne2 a5 12. c3 Ba6 13. Ng3 b4 14.
Qg5 Bxd3 15. Nf5 Nxe4 16. Nxe7+ Kh8 17. Qh4 Bxh6 18. Qxh6 Qxe7 19. O-O-O Be2 20. Rde1 Bxf3 21. gxf3 Qg5+ 22. Qxg5 Nxg5 23. f4 Nf3 24. Re3 Nh4 25. Rhe1 Na6 26. cxb4 Nxb4 27. Rc3 Nxa2+ 0-1